 Dungeon Crawl Stone Soup version 0.29.0-7-g18a832c13a (webtiles) character file.

Game seed: 5525034466739875623

939 Esekla the Slasher (level 8, -1/54 HPs)
             Began as an Octopode Warper on Aug 31, 2022.
             Was an Initiate of Gozag.
             Slain by an ogre
             ... wielding a +0 giant spiked club
              (32 damage)
             ... on level 6 of the Dungeon.
             The game lasted 00:34:06 (8410 turns).

Esekla the Slasher (Octopode Warper)                Turns: 8410, Time: 00:34:06

Health: -1/54      AC:  3    Str: 11    XL:     8   Next: 12%
Magic:  20/22      EV: 13    Int: 17    God:    Gozag
Gold:   210        SH:  8    Dex: 11    Spells: 11/14 levels left

rFire   + . .      SeeInvis .   a - +0 falchion
rCold   . . .      Faith    .   E - +0 buckler
rNeg    . . .      Spirit   .   C - +2 hood of the Assassin {Detection Stab+ Stlth++}
rPois   .          Reflect  +   x - amulet of reflection
rElec   .          Harm     .   l - ring of magical power
rCorr   .          Rampage  .   v - ring of protection from fire
Will    .....                   y - ring of wizardry
Stlth   +++++.....              (no ring)
HPRegen 0.18/turn               (no ring)
MPRegen 0.18/turn               (no ring)
                                (no ring)
                                (no ring)

@: on blink cooldown
A: almost no armour, amphibious, 8 rings, camouflage 1, gelatinous body 1,
(nimble swimmer 1), tentacles
a: Renounce Religion, Potion Petition, Call Merchant, Bribe Branch


You were on level 6 of the Dungeon.
You worshipped Gozag.
Gozag was aware of your devotion.
You visited 2 branches of the dungeon, and saw 7 of its levels.

You collected 325 gold pieces.
You paid 115 gold pieces to Gozag.

Inventory:

Hand Weapons
 a - a +0 falchion (weapon)
 r - a +0 spear
 s - a +0 dagger
Missiles
 f - 7 boomerangs (quivered)
Armour
 C - the +2 hood of the Assassin (worn) {Detection Stab+ Stlth++}
   (You found it on level 5 of the Dungeon)

   It allows the wearer to sense nearby creatures.
   It allows the wearer to make particularly effective stabbing attacks against
   helpless or unaware enemies with any weapon.
   Stlth:     It makes you much more stealthy.
 E - a +0 buckler (worn)
Jewellery
 l - a ring of magical power (left tentacle)
 v - a ring of protection from fire (right tentacle)
 x - an amulet of reflection (around mantle)
 y - a ring of wizardry (on tentacle)
Wands
 A - a wand of roots (9)
 B - a wand of flame (17)
Scrolls
 c - 2 scrolls of immolation {unknown}
 e - 2 scrolls of vulnerability {unknown}
 g - 4 scrolls of identify
 i - 2 scrolls of fear {unknown}
 m - 2 scrolls of butterflies {unknown}
 n - 2 scrolls of magic mapping {unknown}
 o - 2 scrolls of amnesia {unknown}
 q - a scroll of torment {unknown}
 t - a scroll of teleportation {unknown}
 u - 2 scrolls of enchant weapon
 w - 2 scrolls of silence {unknown}
 D - a scroll of noise {unknown}
Potions
 b - a potion of cancellation {unknown}
 d - 2 potions of heal wounds {unknown}
 h - 4 potions of curing {unknown}
 j - a potion of resistance {unknown}
 k - a potion of might {unknown}
 p - a potion of haste {unknown}
 z - a potion of brilliance {unknown}


   Skills:
 * Level 3.8 Fighting
 + Level 1.0(3.2) Short Blades
 * Level 5.0(5.1) Long Blades
 + Level 2.1 Throwing
 * Level 4.4 Dodging
 + Level 3.7 Stealth
 * Level 1.0 Shields
 * Level 3.9 Spellcasting
 + Level 3.4 Translocations


You had 11 spell levels left.
You knew the following spells:

 Your Spells              Type           Power      Damage    Failure   Level
b - Blink                 Tloc           30%        N/A       3%          2
p - Apportation           Tloc           30%        N/A       2%          1

Your spell library contained the following spells:

 Spells                   Type           Power      Damage    Failure   Level
 Gell's Gravitas          Tloc           15%        N/A       6%          3
 Lesser Beckoning         Tloc           15%        N/A       6%          3
 Teleport Other           Tloc           15%        N/A       6%          3
 Necrotise                Necr           12%        1d4       9%          1
 Summon Small Mammal      Summ           12%        N/A       9%          1
 Manifold Assault         Tloc           15%        N/A       47%         5


Dungeon Overview and Level Annotations

Branches:
Dungeon (6/15)             Temple (1/1) D:6

Altars:
Ashenzari
Dithmenos
Fedhas
Gozag
Kikubaaqudgha
Okawaru
Ru
Uskayaw
Vehumet
Wu Jian
The Shining One

Shops:
D:4 :[

Annotations:
D:4 Edmund


Innate Abilities, Weirdness & Mutations

You cannot wear most types of armour.
You are amphibious.
You can wear up to eight rings at the same time.
Your skin changes colour to match your surroundings (Stealth+).
Your rubbery body absorbs attacks. (AC +1, EV +1)
((You are camouflaged when in or above water. (Stealth+)))
You have tentacles for arms and can constrict up to eight enemies at once.


Message History

There is a staircase back to the Dungeon here.
You climb upwards.
Welcome back to the Dungeon!
There is a staircase to the Ecumenical Temple here.
A hound is nearby!
The helpless hound fails to defend itself.
You slice the hound!!
You kill the hound!
Your Shields skill increases to level 1!
You now have 210 gold pieces (gained 6).
There is a staircase to the Ecumenical Temple here.
You open the door.
There is an open door here.
There is an open door here.
You open the door.
There is an open door here.
You sense a monster nearby.
An ogre comes into view. It is wielding a +0 giant spiked club.
The helpless ogre fails to defend itself.
You slash the ogre!
You tentacle-slap the ogre, but do no damage.
You squeeze the ogre.
The ogre is heavily wounded.
The ogre barely misses you.
You barely miss the ogre. Your squeeze misses the ogre.
The ogre is heavily wounded.
The ogre hits you with a +0 giant spiked club!
Press: ? - help, v - describe, . - travel The floor, spattered with blood.
Casting: Blink (safe; 3% risk of failure)
Confirm with . or Enter, or press ? or * to list all spells.
You blink.
The ogre misses you.
You slash the ogre! Your squeeze misses the ogre.
The ogre is severely wounded.
The ogre hits you with a +0 giant spiked club!
You hit the ogre. You squeeze the ogre.
The ogre is almost dead.
The ogre hits you with a +0 giant spiked club!!
Ouch! That really hurt!
You die...
Your body crumbles into a pile of gold.

#.###### #.# #.# #.#
#.# ##### #.# # #...#
#.# ## ###...####.#
##.######
#.......##.###.#@....#
........#...###O####.#
#............##.#
###.............# #
#...####.###### #
##### #.# # #.# .# ###
##+## .# ..#
##...######### ..


You could see an ogre.

Vanquished Creatures
  A water moccasin (D:4)
  2 black bears
  2 phantoms
  A necrophage (D:5)
  A scorpion (D:5)
  3 hounds
  3 iguanas (D:5)
  5 gnolls (D:4)
  8 adders
  An ufetubus (D:6)
  A worm (D:2)
  3 dart slugs
  7 orcs
  6 endoplasms
  9 giant cockroaches
  3 goblins
  6 hobgoblins
  6 jackals (D:1)
  5 kobolds
  5 quokkas
  5 ball pythons
  4 bats
  A frilled lizard (D:1)
  6 rats
94 creatures vanquished.

Notes
Turn   | Place    | Note
-------+----------+-------------------------------------------
     0 | D:1      | Esekla the Octopode Warper began the quest for the Orb.
     0 | D:1      | Reached XP level 1. HP: 14/14 MP: 3/3
   123 | D:1      | Reached XP level 2. HP: 16/19 MP: 5/5
   128 | D:1      | Learned a level 2 spell: Blink
   608 | D:1      | Reached XP level 3. HP: 24/24 MP: 6/6
  1101 | D:2      | Reached skill level 1 in Stealth
  1478 | D:2      | Reached XP level 4. HP: 24/30 MP: 7/7
  1901 | D:2      | Reached skill level 3 in Long Blades
  2032 | D:2      | Identified the +0 ring mail "Hech" {+Inv Will+}
  3038 | D:4      | Reached XP level 5. HP: 35/35 MP: 8/8
  3069 | D:4      | Noticed a black bear
  3102 | D:4      | Found an ornate altar of the Wu Jian Council.
  3103 | D:4      | Found an ancient bone altar of Kikubaaqudgha.
  3104 | D:4      | Found a broken altar of Ashenzari.
  3126 | D:4      | Noticed a phantom
  3259 | D:4      | Noticed an ice beast
  4773 | D:4      | Found Loruvo's Book Emporium.
  4815 | D:5      | Entered Level 5 of the Dungeon
  5047 | D:5      | Reached XP level 6. HP: 37/41 MP: 10/10
  5235 | D:4      | Noticed Edmund
  5318 | D:5      | Noticed a black bear
  5342 | D:5      | Reached skill level 1 in Short Blades
  5984 | D:5      | Learned a level 1 spell: Apportation
  5986 | D:5      | Found the +2 hood of the Assassin {Detection Stab+ Stlth++}
  6397 | D:3      | Reached XP level 7. HP: 11/46 MP: 12/12
  6789 | D:4      | Reached skill level 4 in Long Blades
  7472 | D:4      | Found Vaoceer's Armour Boutique.
  7756 | D:5      | Reached skill level 5 in Long Blades
  7756 | D:5      | Reached XP level 8. HP: 32/54 MP: 13/13
  8164 | D:6      | Found a staircase to the Ecumenical Temple.
  8170 | Temple   | Entered the Ecumenical Temple
  8270 | Temple   | Became a worshipper of Gozag Ym Sagoz the Greedy
  8313 | D:6      | Reached skill level 1 in Shields
  8410 | D:6      | Slain by an ogre

Illustrated notes

Levels and vault maps discovered:
D:1:      matt_arrival_los_fun, layout_basic
D:2:      layout_loops_cross
D:3:      layout_basic, serial_aquarium, aquarium_bridge_straight
          [aquarium_subvault_bridge, aquarium_subvault_window,
          aquarium_subvault_bridge, aquarium_subvault_wall],
          aquarium_bridge_straight [aquarium_subvault_bridge,
          aquarium_subvault_wall, aquarium_subvault_bridge,
          aquarium_subvault_wall], aquarium_window_fake, aquarium_window_1,
          aquarium_window_fake, aquarium_view_2d, aquarium_view_2d,
          aquarium_balcony_3b
D:4:      layout_cave_pods, chequers_temple_overflow_statue_of_worship,
          serial_shops, shop_fountains, nicolae_shop_crystal, uniq_edmund
D:5:      layout_rooms
D:6:      layout_loops_corners, temple_green
Temple:   regret_index_temple_generic_petals

Skill      XL: |  1  2  3  4  5  6  7  8 |
---------------+-------------------------+-----
Dodging        | 3 4 |  4.4
Stealth        | 1 2 3 |  3.7
Long Blades    | 3 5 |  5.0
Fighting       | 3 |  3.8
Short Blades   | 1 |  1.0
Spellcasting   | 3 |  3.9
Throwing       | 2 |  2.1
Shields        | 1 |  1.0
Translocations | |  3.4

Action                   |  1- 3 |  4- 6 |  7- 9 || total
-------------------------+-------+-------+-------++-------
Melee: Falchion          |    55 |   125 |    64 ||   244
       Constrict         |    16 |    30 |     9 ||    55
       Tentacles         |     7 |    30 |    16 ||    53
       Dagger            |    10 |    19 |       ||    29
       Punch             |       |     2 |     2 ||     4
Throw: Boomerang         |       |    18 |    19 ||    37
 Cast: Blink             |       |     9 |     2 ||    11
       Apportation       |       |     1 |       ||     1
  Use: Scroll            |       |     1 |     1 ||     2
 Stab: Sleeping          |    10 |    13 |     4 ||    27
Armor: Skin              |     3 |    14 |     7 ||    24
Dodge: Dodged            |    40 |    85 |    36 ||   161
Block: Other             |       |     7 |    13 ||    20
